[Event "FIDE Chesscom Grand Swiss 2019"]
[Site "Douglas-Isle of Man"]
[Date "2019.10.15"]
[Round "7.42"]
[White "Atalik, Ekaterina"]
[Black "Nebolsina, Vera"]
[Result "1-0"]
[ECO "E60"]
[WhiteElo "2464"]
[BlackElo "2252"]
[Annotator "ChessBase"]
[PlyCount "81"]
[EventDate "2019.10.10"]
[EventType "swiss"]
[EventCountry "GBR"]
[SourceTitle "playchess.com"]
[Source "ChessBase"]
[SourceQuality "1"]
[TimeControl "40/6000+30:20/3000+30:900+30"]

1. b3 e5 2. Bb2 d6 3. e3 Nf6 4. d4 Nbd7 5. c4 g6 6. Nf3 Qe7 7. Be2 Bg7 8. Nc3 O-O 9. O-O e4 10. Nd2 Re8 11. Qc2 c6 12. Rae1 Nf8 13. f3 exf3 14. Bxf3 Ne6 15. Nce4 Nxe4 16. Bxe4 Bd7 17. Bd3 Rac8 18. b4 d5 19. Qb3 Ng5 20. cxd5 cxd5 21. e4 Nh3+ 22. Kh1 Bh6 23. Nf3 Nf4 24. exd5 Qd6 25. Rxe8+ Bxe8 26. Bc1 Nxd3 27. Bxh6 Bb5 28. a3 Bc4 29. Qc3 b6 30. Ng5 f5 31. Nf3 Ba6 32. Qd2 Qxd5 33. Rd1 Qb3 34. Kg1 Nf2 35. Rc1 Ne4 36. Rxc8+ Bxc8 37. Qc1 Ba6 38. h3 Nc3 39. Qg5 Kf7 40. Qd8 Ne4 41. Qd7+ 1-0